 Dungeon Crawl Stone Soup version 0.17-a0-1430-g49fde19 (webtiles) character file.

70 Fluffy the Cudgeler (level 4, -3/28 HPs)
             Began as a Gargoyle Fighter on June 25, 2015.
             Killed from afar by Sigmund (8 damage)
             ... with a puff of flame
             ... on level 3 of the Dungeon.
             The game lasted 00:02:37 (1823 turns).

Fluffy the Cudgeler (Gargoyle Fighter)              Turns: 1823, Time: 00:02:37

Health: -3/28      AC: 10    Str: 20    XL:     4   Next: 22%
Magic:  4/4        EV:  7    Int:  8    God:
Gold:   98         SH:  0    Dex: 10    Spells: 0 memorised, 3 levels left

rFire  . . .     SeeInvis .     a - +0 flail
rCold  . . .     Clarity  .     b - +0 scale mail
rNeg   + . .     SustAt   .     c - +0 shield
rPois  ∞         Gourm    .     (no helmet)
rElec  +         Spirit   .     (no cloak)
rCorr  .         Warding  .     (no gloves)
rMut   .         Stasis   .     (no boots)
MR     .....                    (no amulet)
Stlth  ..........               (no ring)
                                (no ring)

@: confused, not resistant to hostile enchantments, extremely unstealthy
A: negative energy resistance 1, electricity resistance, unbreathing,
petrification resistance, rot immunity, AC +3
a: no special abilities


You were on level 3 of the Dungeon.
You were not hungry.

You visited 1 branch of the dungeon, and saw 3 of its levels.

You collected 98 gold pieces.

Inventory:

Hand weapons
 a - a +0 flail (weapon)
Armour
 b - a +0 scale mail (worn)
 c - a +0 shield (worn)
Scrolls
 f - a scroll of immolation {unknown}
 h - 2 scrolls of remove curse {unknown}
 i - 2 scrolls of random uselessness {unknown}
 j - 4 scrolls of identify
 q - a scroll of magic mapping {unknown}
Potions
 d - a potion of might
 g - a potion of flight
 n - a potion of agility
 o - a potion of haste
Comestibles
 e - a bread ration
 k - a meat ration
 l - a slice of pizza
 m - a beef jerky


   Skills:
 - Level 3.2 Fighting
 + Level 4.3 Maces & Flails
 - Level 3.2 Armour
 - Level 3.2 Shields


You had 3 spell levels left.
You didn't know any spells.

Dungeon Overview and Level Annotations

Branches:
Dungeon (3/15)

Altars:
Yredelemnul

Annotations:
D:3 Sigmund


Innate Abilities, Weirdness & Mutations

You are resistant to torment.
Your stone body is resilient (AC +3).
You are immune to poison.
You resist negative energy.
You are resistant to electric shocks.
You can survive without breathing.
You are immune to petrification.
You are immune to rotting.


Message History

You completely miss something.
You hear a zap.
You are more confused.
You miss something.
You hear some strange, mumbled words.
You are more confused.
You're too confused to move!
Something hits you but does no damage.
Drink which item? (? for menu, Esc to quit)
Okay, then.
You bump into the rock wall.
You hear some strange, mumbled words.
Something tries to affect you, but you resist.
You bump into the rock wall.
You hear a zap.
You are more confused.
You're too confused to move!
Something hits you but does no damage.
You hear some strange, mumbled words.
A puff of flame appears from out of thin air!
The puff of flame hits you!
You die...

####### #...... #......
#..(...######################
...........{@........>.......
P.......####################.
P.......# #. P..)[...# #.
........# #. P.......# #.
P.......# #. P.......# #.
P.......# #.


There were no monsters in sight!

Vanquished Creatures
  A gnoll (D:1)
  2 adders (D:2)
  3 worms (D:2)
  A giant gecko (D:1)
  4 bats
  A giant cockroach (D:1)
  7 goblins
  3 hobgoblins
  2 jackals (D:1)
  2 kobolds
  A quokka (D:2)
  A ball python (D:2)
  A giant newt (D:1)
  6 rats
35 creatures vanquished.

Notes
Turn   | Place    | Note
--------------------------------------------------------------
     0 | D:1      | Fluffy the Gargoyle Fighter began the quest for the Orb.
     0 | D:1      | Reached XP level 1. HP: 14/14 MP: 1/1
   203 | D:1      | Reached XP level 2. HP: 14/19 MP: 2/2
   414 | D:1      | Reached XP level 3. HP: 20/23 MP: 3/3
  1008 | D:2      | Reached skill level 4 in Maces & Flails
  1116 | D:2      | Found a basalt altar of Yredelemnul.
  1159 | D:2      | Reached XP level 4. HP: 20/28 MP: 4/4
  1768 | D:3      | Noticed Sigmund
  1823 | D:3      | Killed from afar by Sigmund

Vault maps used:
D:1:      minmay_arrival_wavy_path
D:2:      yredelemnul_altar_generic, grunt_ministairs_7
D:3:      minmay_hedge_maze, st_stairs_7, due_unseen_surprise, uniq_sigmund

Action                   |  1- 3 |  4- 6 || total
-------------------------+-------+-------++-------
Melee: Flail             |    97 |    37 ||   134
  Use: Scroll            |       |     3 ||     3
  Eat: Chunk             |     1 |     2 ||     3
